Map: Disco Bloodbath LE

Players

HeRoMaRinE - Winner!

  • Race: Terran Terran
  • Spawn Location: 9:00

Classic

  • Race: Protoss Protoss
  • Spawn Location: 3:00

Event: 2019 WCS Global FInals

VOD

Have the link to the VOD?

Description

Time

  • Played on: Oct. 25, 2019, 11:09 p.m.
  • Length: 12:38

All games in this series

Show
View Real Time Build Order
Export as new Build Order

HeRoMaRinE Terran - Winner!

Build Orders: Reaper Expand 

Get SALT Encoding   

  12  0:00  SCV  
  13  0:12  SCV  
  14  0:17  Supply Depot  
  14  0:24  SCV  
  15  0:38  SCV  
  15  0:39  Barracks  
  16  0:43  Refinery  
  16  0:50  SCV  
  17  1:02  SCV  
  18  1:14  SCV  
  19  1:27  Reaper, Orbital Command  
  20  1:45  Command Center  
  20  1:51  Supply Depot  
  20  1:53  SCV  
  21  1:58  Marine  
  22  2:05  SCV  
  23  2:09  Factory  
  23  2:17  SCV  
  23  2:18  Refinery  
  23  2:20  Barracks Reactor  
  24  2:29  SCV  
  25  2:41  SCV  
  26  2:53  SCV  
  26  2:54  Widow Mine  
  26  2:55  Starport  
  26  2:57  Marine x2  
  26  2:58  Orbital Command  
  31  3:05  SCV  
  32  3:15  Marine x2  
  32  3:17  SCV  
  35  3:23  Widow Mine  
  35  3:24  SCV  
  38  3:31  SCV  
  38  3:32  Viking  
  38  3:33  Marine x2  
  42  3:36  SCV  
  42  3:37  Supply Depot  
  43  3:42  Bunker  
  43  3:45  Barracks, SCV  
  44  3:48  SCV  
  44  3:52  Marine  
  44  3:54  Factory Tech Lab  
  46  3:58  Marine  
  46  3:59  SCV  
  46  4:00  Barracks  
  46  4:01  SCV  
  49  4:10  Engineering Bay  
  49  4:11  SCV  
  49  4:12  Supply Depot  
  49  4:13  SCV  
  51  4:19  Raven, Factory Tech Lab  
  51  4:23  SCV, Refinery  
  54  4:30  Supply Depot  
  54  4:33  Marine x2  
  54  4:34  SCV  
  54  4:35  SCV  
  54  4:36  Terran Infantry Weapons Level 1  
  58  4:42  Stimpack  
  58  4:46  Supply Depot, SCV  
  58  4:47  SCV  
  58  4:51  Marine x2  
  64  4:55  Supply Depot  
  64  4:58  SCV, Refinery  
  64  4:59  SCV  
  66  5:03  Marine  
  66  5:05  Combat Shield  
  66  5:06  Marine  
  66  5:07  Factory Reactor  
  66  5:10  Starport Reactor  
  66  5:11  Supply Depot, SCV x2  
  67  5:14  Marine x2  
  69  5:22  Missile Turret  
  69  5:23  SCV x2  
  69  5:25  Marauder  
  69  5:27  Marauder  
  70  5:32  Marine  
  70  5:35  Marine, SCV  
  71  5:36  SCV  
  73  5:45  Widow Mine x2  
  73  5:46  Medivac x2  
  83  5:50  Supply Depot, Marauder x2  
  83  5:52  Marine  
  83  5:53  Marine  
  83  5:56  Missile Turret  
  87  6:08  Widow Mine x2  
  87  6:10  Marine  
  87  6:11  Marine, Marauder x2  
  94  6:13  Supply Depot  
  97  6:20  Command Center  
  97  6:24  Concussive Shells  
  97  6:30  Marine  
  97  6:31  Marine  
  101  6:33  Marauder  
  101  6:34  Marauder  
  101  6:36  Terran Infantry Armor Level 1  
  101  6:38  Supply Depot  
  101  6:39  SCV x2  
  105  6:42  Medivac  
  105  6:43  Medivac  
  109  6:52  SCV  
  110  7:00  Widow Mine x2, Barracks, SCV  
  115  7:01  Barracks  
  115  7:07  SCV  
  115  7:09  Supply Depot  
  115  7:11  Marauder  
  115  7:12  SCV  
  118  7:26  Marine  
  118  7:27  SCV  
  118  7:31  Marine, SCV, Marauder  
  118  7:33  Marauder  
  122  7:38  Orbital Command  
  122  7:39  SCV  
  122  7:41  Medivac x2  
  122  7:43  SCV  
  126  7:46  Starport  
  126  7:48  Armory  
  126  7:49  Barracks Tech Lab, Barracks Reactor  
  126  7:51  SCV  
  126  7:55  SCV  
  126  7:58  Marauder x2  
  130  8:00  Marine x2  
  130  8:03  SCV  
  133  8:06  Orbital Command  
  133  8:07  SCV  
  133  8:10  Marine  
  133  8:11  Viking x2  
  139  8:15  Engineering Bay  
  139  8:18  Marine, SCV  
  141  8:24  Supply Depot x2  
  141  8:25  SCV  
  140  8:33  Supply Depot  
  140  8:34  Refinery  
  140  8:36  Terran Infantry Weapons Level 2  
  140  8:37  Supply Depot, Refinery  
  140  8:40  SCV x3  
  143  8:43  Viking  
  145  8:51  Viking  
  145  8:52  SCV x3  
  145  8:53  Viking  
  152  8:57  Viking  
  154  9:04  SCV x2  
  154  9:07  Terran Infantry Armor Level 2  
  156  9:12  Ghost Academy  
  156  9:13  Viking, Terran Ship Weapons Level 1  
  156  9:15  Missile Turret  
  158  9:18  Marauder x2  
  158  9:20  Marauder  
  158  9:22  Marine x2  
  166  9:24  Marine x2  
  168  9:33  Viking  
  168  9:34  Viking  
  172  9:38  Supply Depot  
  172  9:39  Supply Depot  
  172  9:43  Missile Turret  
  175  9:53  Enhanced Shockwaves  
  175  9:54  Marine x4  
  177  10:03  Viking x2  
  179  10:11  Viking  
  171  10:15  Marauder, Unknown x3  
  171  10:16  Marine  
  171  10:17  Orbital Command  
  171  10:18  Marine  
  171  10:19  Marine  
  173  10:23  Orbital Command  
  157  10:30  Marauder  
  157  10:31  Marine x2  
  131  10:36  Marine  
  131  10:37  Marine, Marauder  
  131  10:39  Marine  
  117  10:46  SCV  
  117  10:47  SCV  
  117  10:49  Marine  
  115  10:50  Marauder  
  115  10:51  SCV  
  116  10:58  SCV  
  116  10:59  SCV  
  116  11:00  Marine  
  116  11:01  Marine x2  
  116  11:02  Marine x2  
  123  11:05  SCV  
  123  11:07  Marine  
  123  11:10  SCV  
  126  11:12  Marine, SCV  
  126  11:17  SCV  
  129  11:18  Marine x2  
  129  11:23  SCV  
  129  11:24  SCV  
  133  11:27  Marauder  
  133  11:29  SCV  
  123  11:33  Marine  
  123  11:35  SCV  
  123  11:36  SCV  
  123  11:39  Marine x2  
  125  11:40  Marauder  
  125  11:41  SCV  
  125  11:46  Marine  
  127  11:47  SCV  
  127  11:48  SCV  
  127  11:50  Refinery, Marauder  
  127  11:51  Refinery, Marauder  
  127  11:53  Marine, SCV  
  133  11:57  Marine x2  
  133  11:59  SCV  
  133  12:00  SCV  
  133  12:01  Marine  
  136  12:05  SCV  
  133  12:11  SCV  
  133  12:12  Marine x2, SCV  
  133  12:13  Marauder x2  
  139  12:16  Refinery  
  139  12:17  Marine, Refinery, SCV  
  131  12:31  Supply Depot  
Show
View Real Time Build Order
Export as new Build Order

Classic Protoss 

Build Orders: 1 Gate Expand, Phoenix Opening, Archon Immortal, Colossus Rush 

Get SALT Encoding   

  12  0:00  Probe  
  13  0:12  Probe  
  14  0:17  Pylon  
  14  0:24  Probe (Chrono Boost)  
  15  0:36  Gateway, Probe (Chrono Boost)  
  16  0:44  Probe (Chrono Boost)  
  16  0:45  Assimilator  
  17  0:51  Probe  
  18  1:03  Probe  
  19  1:15  Probe  
  20  1:22  Nexus  
  20  1:33  Cybernetics Core  
  20  1:35  Probe  
  21  1:41  Assimilator  
  21  1:47  Probe  
  21  1:51  Pylon  
  22  1:59  Probe  
  23  2:07  Adept (Chrono Boost)  
  23  2:11  Probe  
  26  2:17  Stargate  
  26  2:23  Probe  
  26  2:24  Warp Gate  
  27  2:31  Adept  
  27  2:35  Probe x2 (Chrono Boost)  
  32  2:46  Probe x2 (Chrono Boost)  
  32  2:51  Probe x2 (Chrono Boost)  
  35  3:00  Phoenix (Chrono Boost)  
  35  3:01  Adept  
  35  3:02  Probe x2  
  41  3:07  Pylon  
  41  3:14  Probe  
  41  3:15  Probe  
  43  3:22  Phoenix (Chrono Boost)  
  43  3:26  Probe  
  47  3:27  Probe  
  47  3:38  Probe  
  47  3:39  Assimilator x2, Probe, Phoenix (Chrono Boost)  
  51  3:44  Pylon  
  51  3:50  Probe  
  51  3:51  Probe  
  51  3:52  Robotics Facility  
  53  4:03  Pylon, Probe x2  
  53  4:06  Phoenix (Chrono Boost)  
  57  4:15  Probe x2  
  59  4:19  Nexus  
  59  4:25  Phoenix (Chrono Boost)  
  59  4:30  Pylon  
  61  4:32  Probe x2  
  63  4:42  Observer, Robotics Bay  
  63  4:44  Probe x2  
  66  4:54  Gateway  
  66  4:56  Gateway  
  66  4:57  Pylon  
  66  5:01  Immortal (Chrono Boost)  
  66  5:05  Sentry  
  72  5:13  Probe, Forge  
  72  5:14  Probe  
  72  5:26  Probe x2  
  72  5:31  Probe  
  72  5:35  Colossus (Chrono Boost)  
  73  5:38  Probe x2  
  73  5:40  Extended Thermal Lance  
  81  5:43  Probe  
  81  5:45  Shield Battery  
  82  5:50  Gateway, Probe  
  82  5:51  Gateway  
  82  5:52  Protoss Ground Weapons Level 1 (Chrono Boost)  
  83  6:00  Probe x2  
  83  6:02  Probe  
  83  6:03  Photon Cannon  
  86  6:04  Pylon  
  86  6:05  Sentry x2  
  86  6:07  Zealot  
  92  6:12  Colossus (Chrono Boost)  
  98  6:21  Shield Battery  
  98  6:24  Photon Cannon  
  98  6:29  Zealot, Sentry  
  98  6:30  Zealot  
  104  6:34  Probe  
  104  6:35  Probe x2  
  104  6:36  Assimilator  
  104  6:38  Pylon  
  104  6:39  Pylon  
  107  6:40  Assimilator  
  107  6:44  Pylon  
  107  6:53  Pylon  
  106  6:54  Pylon  
  106  6:55  Pylon  
  106  7:00  Twilight Council  
  106  7:01  Forge  
  106  7:05  Zealot x5  
  116  7:09  Probe  
  116  7:11  Probe x2  
  116  7:13  Immortal  
  115  7:28  Stalker x5  
  121  7:37  Charge  
  121  7:39  Pylon  
  121  7:40  Pylon  
  121  7:41  Protoss Ground Armor Level 1 (Chrono Boost)  
  121  7:48  Gateway  
  121  7:52  Gateway  
  121  7:53  Protoss Ground Weapons Level 2 (Chrono Boost)  
  121  7:55  Immortal (Chrono Boost)  
  121  7:57  Gateway  
  123  8:06  Templar Archives  
  123  8:07  Zealot x4  
  123  8:11  Pylon  
  131  8:18  Stalker  
  133  8:24  Probe x2  
  133  8:26  Pylon, Immortal (Chrono Boost), Probe  
  140  8:38  Pylon  
  138  8:44  Pylon, High Templar x4  
  138  8:48  Archon x2  
  146  8:51  Nexus  
  146  8:55  Warp Prism (Chrono Boost)  
  146  8:56  High Templar x2  
  146  8:57  Pylon  
  146  9:01  Archon  
  152  9:03  Zealot x2  
  156  9:10  Colossus (Chrono Boost)  
  156  9:11  Pylon  
  156  9:16  Zealot  
  158  9:21  Pylon, Zealot, High Templar x2  
  164  9:25  Blink  
  164  9:27  Archon  
  164  9:28  Zealot x2  
  164  9:29  Zealot  
  164  9:31  Zealot  
  172  9:38  Zealot  
  172  9:52  Stalker x5  
  180  9:53  Stalker x2  
  180  9:56  Protoss Ground Armor Level 2 (Chrono Boost)  
  166  10:15  Zealot x4  
  166  10:17  Zealot x4  
  132  10:36  Immortal (Chrono Boost)  
  132  10:37  Zealot x8  
  94  10:45  Zealot x5  
  94  10:46  Zealot x3  
  94  10:48  Psionic Storm  
  98  10:51  Robotics Facility  
  98  10:56  Probe  
  98  10:57  Probe x2  
  99  11:06  Immortal (Chrono Boost)  
  99  11:07  High Templar x2  
  99  11:09  Stalker x4  
  99  11:10  Zealot  
  117  11:11  Archon  
  117  11:12  Zealot  
  117  11:32  Zealot x3  
  103  11:35  Zealot x3  
  103  11:39  Immortal x2 (Chrono Boost)  
  86  11:45  Zealot x2  
  85  11:54  Zealot x3  
  91  11:55  Zealot x3  
  85  12:07  Zealot x2  
  60  12:15  Zealot x3  
  62  12:20  Zealot  
  55  12:26  Zealot  
  39  12:30  Zealot  
Tags
 
Add a new tag
Caveats
  • Supply blocks, unpowered buildings, or Contaminate may cause inaccurate times.
  • Supply counts are checked every 10 seconds.